 Dungeon Crawl Stone Soup version 0.31.0-9-g3a7656b989 (webtiles) character file.

Game seed: 16171567466304509842

669 qw the Ducker (level 7, 0/33 (35) HPs)
             Began as a Spriggan Hunter on Feb 2, 2024.
             Slain by a wight
             ... wielding a +3 long sword
              (1 damage)
             ... on level 5 of the Dungeon.
             The game lasted 00:00:14 (3768 turns).

qw the Ducker (Spriggan Hunter)                     Turns: 3768, Time: 00:00:15

HP:   0/33 (35)     AC:  2    Str: 13    XL:     7   Next: 32%
MP:   8/8           EV: 24    Int: 11    God:
Gold: 335           SH:  0    Dex: 24    Spells: 6/6 levels left

rFire   . . .        g - +1 orcbow
rCold   . . .        (shield currently unavailable)
rNeg    . . .        a - +0 robe of the Swamp {Dex+4}
rPois   .            (helmet restricted)
rElec   .            (no cloak)
rCorr   .            (gloves unavailable)
SInv    +            (boots unavailable)
Will    +....        (no amulet)
Stlth   ++           b - +6 ring of strength
HPRegen 0.25/turn    (no ring)
MPRegen 0.11/turn

%: no passive effects
@: drained, very quick
A: very small, no large weapons, unfitting armour, see invisible, speed 3
a: no special abilities


You were on level 5 of the Dungeon.
You visited 1 branch of the dungeon, and saw 5 of its levels.

You collected 335 gold pieces.


Innate Abilities, Weirdness & Mutations

You are very small and have problems with some larger weapons.
You are too small for most types of armour.
You have supernaturally acute eyesight. (SInv)
You cover ground extremely quickly. (Speed+++)


   Skills:
 - Level 2.1 Fighting
 - Level 7.0 Ranged Weapons
 + Level 7.3 Dodging
 - Level 1.5 Stealth


You had 6 spell levels left.
You didn't know any spells.
Your spell library was empty.

Inventory:

Hand Weapons
 g - a +1 orcbow (weapon)
Armour
 a - the +0 robe of the Swamp (worn) {Dex+4}
   (You acquired it on level 1 of the Dungeon)

   Dex+4:     It affects your dexterity (+4).
Jewellery
 b - a +6 ring of strength (left hand)
Potions
 d - 2 potions of curing
 e - 3 potions of mutation

Dungeon Overview and Level Annotations

Branches:
Dungeon (5/15)
 Temple: D:4-7

Altars:
Xom
Yredelemnul


Message History

The wight is severely damaged.
The hound closely misses you. The hound bites you.
You shoot an arrow. The arrow hits the hound!
You kill the hound!
You have reached level 7!
You shoot an arrow. The arrow barely misses the wight. x2
The arrow hits the orc priest but does no damage.
The wight misses you.
You shoot an arrow. The arrow hits the wight!
You destroy the wight!
You shoot an arrow. The arrow hits the wight!
You destroy the wight!
The hound closely misses you.
Your Ranged Weapons skill increases to level 7!
You shoot an arrow. The arrow hits the hound!
The hound is almost dead.
The hound bites you. x2
You shoot an arrow. The arrow hits the hound!
You kill the hound!
You shoot an arrow. The arrow hits the wight!
The wight is heavily damaged.
The wight hits you with a +3 long sword.
The orc priest casts a cantrip, but nothing happens.
The wight completely misses you.
You shoot an arrow.
The arrow hits the wight but does no damage.
The wight is heavily damaged.
The wight misses you. The wight completely misses you.
You shoot an arrow. The arrow closely misses the wight.
The arrow hits the wight!
The wight is heavily damaged.
The wight hits you with a +3 long sword.
You feel drained. The wight barely misses you. The wight misses you.
You shoot an arrow. The arrow hits the wight.
The wight is heavily damaged.
The orc priest casts a cantrip, but nothing happens.
The wight completely misses you.
The wight hits you with a +3 long sword!
You feel drained.
You die...

.#..#..... ......?..#
.....#.###########.##
##...#.# #.# ........
.. #.# .)...#.###.#
###.# ##...#......
..#.# #...#..##.#
#.#.# ##...#..##.#
#.#.# .....#..##.##
#@#.# ........##..#
#z#.#
###..##.##..####z#.#
#..##.........o..#
##.#.#...........##
#).........####''#
##.........# #....
#..<#.....##......
##.#####.##.z#.##..


You could see 2 wights and an orc priest.

Vanquished Creatures
  An ogre (D:4)
  A scorpion (D:5)
  2 wights (D:5)
  3 hounds
  A jelly (D:4)
  3 orc priests (D:4)
  2 iguanas
  2 orc wizards
  2 adders
  3 ribbon worms
  9 orcs
  9 bats
  7 endoplasms
  2 giant cockroaches
  5 goblins
  4 hobgoblins
  A jackal (D:3)
  5 quokkas
  11 ball pythons
  5 frilled lizards
  9 kobolds
  4 rats
91 creatures vanquished.

Notes
Turn   | Place    | Note
-------+----------+-------------------------------------------
     0 | D:1      | qw the Spriggan Hunter began the quest for the Orb.
     0 | D:1      | Reached XP level 1. HP: 10/10 MP: 2/2
     0 | D:1      | 0 ||| qw: Version: 0.3-a-155-g5e7d8dd
     0 | D:1      | 0 ||| qw: Game counter: 2540
     0 | D:1      | 0 ||| qw: Melee chars always use a shield: true
     0 | D:1      | 0 ||| qw: God list: Okawaru
     0 | D:1      | 0 ||| qw: Allow faded altars: false
     0 | D:1      | 0 ||| qw: Do Orc after clearing Dungeon:15 true
     0 | D:1      | 0 ||| qw: Do second Lair branch before Depths: true
     0 | D:1      | 0 ||| qw: Lair rune preference: random
     0 | D:1      | 0 ||| qw: Goals: Normal
     0 | D:1      | 0 ||| PLANNING D:1-11
   119 | D:1      | Reached skill level 3 in Dodging
   304 | D:1      | Reached XP level 2. HP: 14/14 MP: 3/3
   917 | D:1      | 917 ||| READING 2 scrolls labelled YRGHIE UMEZUOPH.
   917 | D:1      | Identified 2 scrolls of acquirement
   917 | D:1      | 917 ||| ACQUIRING +5 sling of electrocution
   917 | D:1      | Acquired a +5 sling of electrocution
   919 | D:1      | 919 ||| SWAPPING to +5 sling of electrocution.
   920 | D:1      | 920 ||| DROPPING +0 shortbow.
   921 | D:1      | 921 ||| READING scroll of acquirement.
   921 | D:1      | 921 ||| ACQUIRING +0 robe of the Swamp {Dex+4}
   921 | D:1      | Acquired the +0 robe of the Swamp {Dex+4}
   923 | D:1      | 923 ||| UPGRADING to +0 robe of the Swamp {Dex+4}.
   933 | D:1      | 933 ||| DROPPING +0 robe.
   934 | D:1      | 934 ||| READING scroll labelled FIGEZA BURPH.
   935 | D:1      | 935 ||| DROPPING scroll of butterflies.
   978 | D:2      | Reached XP level 3. HP: 18/18 MP: 4/4
  1433 | D:2      | Found a shimmering altar of Xom.
  1499 | D:2      | 1499 ||| READING 4 scrolls labelled OHUHATHOENAU.
  1499 | D:2      | 1499 ||| IDENTIFYING fuming grey potion
  1500 | D:2      | 1500 ||| READING 3 scrolls of identify.
  1500 | D:2      | 1500 ||| IDENTIFYING black potion
  1501 | D:2      | 1501 ||| READING 2 scrolls of identify.
  1501 | D:2      | 1501 ||| IDENTIFYING 2 bubbling puce potions
  1502 | D:2      | 1502 ||| READING scroll of identify.
  1502 | D:2      | 1502 ||| IDENTIFYING 2 metallic inky potions
  1503 | D:2      | 1503 ||| DROPPING potion of lignification.
  1504 | D:2      | 1504 ||| DROPPING 2 potions of attraction.
  1841 | D:3      | 1841 ||| RETREEEEATING.
  1852 | D:3      | Reached XP level 4. HP: 13/22 MP: 5/5
  1860 | D:3      | HP: 5/22 [ball python (1)]
  2252 | D:3      | 2252 ||| READING scroll of identify.
  2252 | D:3      | 2252 ||| IDENTIFYING 2 orange potions
  2253 | D:3      | 2253 ||| READING scroll labelled LOUDUERREO.
  2254 | D:3      | 2254 ||| READING scroll labelled CUN TANTEC.
  2255 | D:3      | 2255 ||| READING scroll labelled ZIDEHIUWN TABB.
  2259 | D:3      | 2259 ||| DROPPING 2 potions of berserk rage.
  2421 | D:4      | Reached XP level 5. HP: 7/26 MP: 6/6
  2421 | D:4      | 2421 ||| FLEEEEING.
  2422 | D:4      | 2422 ||| FLEEEEING.
  2422 | D:4      | HP: 6/26 [poisoned by an adder]
  2515 | D:4      | Noticed an ogre
  2518 | D:4      | 2518 ||| FLEEEEING.
  2519 | D:4      | 2519 ||| FLEEEEING.
  2520 | D:4      | 2520 ||| FLEEEEING.
  2524 | D:4      | 2524 ||| FLEEEEING.
  2525 | D:4      | 2525 ||| FLEEEEING.
  2526 | D:4      | 2526 ||| FLEEEEING.
  2527 | D:4      | 2527 ||| FLEEEEING.
  2528 | D:4      | 2528 ||| FLEEEEING.
  2529 | D:4      | 2529 ||| FLEEEEING.
  2530 | D:4      | 2530 ||| FLEEEEING.
  2531 | D:4      | 2531 ||| FLEEEEING.
  2536 | D:4      | 2536 ||| FLEEEEING.
  2537 | D:4      | 2537 ||| FLEEEEING.
  2538 | D:4      | 2538 ||| FLEEEEING.
  2539 | D:4      | 2539 ||| FLEEEEING.
  2540 | D:4      | 2540 ||| FLEEEEING.
  2541 | D:4      | 2541 ||| STAIRDANCE
  2565 | D:3      | 2565 ||| UPGRADING to +6 ring of strength.
  2569 | D:4      | Killed an ogre
  2570 | D:4      | Reached skill level 6 in Dodging
  2648 | D:4      | Reached XP level 6. HP: 18/30 MP: 7/7
  2810 | D:4      | 2810 ||| FLEEEEING.
  2811 | D:4      | 2811 ||| FLEEEEING.
  2812 | D:4      | 2812 ||| FLEEEEING.
  2815 | D:4      | 2815 ||| FLEEEEING.
  2904 | D:4      | Reached skill level 6 in Ranged Weapons
  3043 | D:4      | Found a basalt altar of Yredelemnul.
  3127 | D:4      | 3127 ||| SWAPPING to +0 orcbow.
  3128 | D:4      | 3128 ||| DROPPING +5 sling of electrocution.
  3504 | D:4      | 3504 ||| READING scroll of identify.
  3504 | D:4      | 3504 ||| IDENTIFYING scroll labelled PAUT TIFONUPH
  3505 | D:4      | 3505 ||| READING scroll of enchant weapon.
  3505 | D:4      | 3505 ||| ENCHANTING +0 orcbow.
  3506 | D:4      | 3506 ||| READING scroll labelled JOCACEANED.
  3631 | D:5      | Entered Level 5 of the Dungeon
  3750 | D:5      | 3750 ||| RETREEEEATING.
  3751 | D:5      | 3751 ||| RETREEEEATING.
  3752 | D:5      | 3752 ||| RETREEEEATING.
  3754 | D:5      | 3754 ||| RETREEEEATING.
  3760 | D:5      | Reached XP level 7. HP: 27/35 MP: 8/8
  3767 | D:5      | HP: 8/34 [wight/+3 long sword (2)]
  3768 | D:5      | HP: 1/34 [wight/+3 long sword (8)]
  3768 | D:5      | Slain by a wight

Levels and vault maps discovered:
D:1:      onia_arrival_mini_maze, layout_basic
D:2:      minmay_door_path, layout_basic, basic_altar
D:3:      layout_loops_ring, minmay_joined_circles
D:4:      layout_layer_cave, mainiacjoe_overflow_alcove_1
D:5:      layout_loops_ring, fedhas_altar_2, kennysheep_generic_room_3

Skill      XL: |  1  2  3  4  5  6  7 |
---------------+----------------------+-----
Dodging        | 3 4 5 6 7 |  7.3
Ranged Weapons | 5 6 7 |  7.0
Fighting       | 2 |  2.1
Stealth        | |  1.5

Action                     |  1- 3 |  4- 6 |  7- 9 || total
---------------------------+-------+-------+-------++-------
   Fire: Shortbow          |    54 |       |       ||    54
         Sling             |    40 |    71 |       ||   111
         Orcbow            |       |    19 |     9 ||    28
    Use: Scroll            |     7 |     7 |       ||    14
 Armour: Robe              |    15 |    11 |     5 ||    31
  Dodge: Dodged            |    33 |    26 |     8 ||    67

Table legend:
 A = Non-vault XP
 B = Vault XP
 C = Vault XP percentage of total XP
 D = Non-vault monster count
 E = Vault monster count
 F = Vault count percentage of total count
                 A         B        C        D         E       F
            +---------+---------+-------+---------+---------+-------
      Total |     885 |      71 |   7.4 |      75 |      16 |  17.6
            +---------+---------+-------+---------+---------+-------
        D:1 |      40 |       0 |   0.0 |      26 |       0 |   0.0
        D:2 |       7 |      10 |  58.8 |       5 |       4 |  44.4
        D:3 |     112 |      19 |  14.5 |      16 |      11 |  40.7
        D:4 |     451 |       0 |   0.0 |      23 |       0 |   0.0
        D:5 |     275 |      42 |  13.2 |       5 |       1 |  16.7
            +---------+---------+-------+---------+---------+-------
